 Dungeon Crawl Stone Soup version 0.24.0-1-gfbc8707122 (webtiles) character file.

Game seed: 9607473554643504428, levelgen mode: deterministic

16 Esekla the Vexing (level 2, -5/23 HPs)
             Began as a Draconian Enchanter on Oct 27, 2019.
             Slain by a hobgoblin
             ... wielding a +0 club
              (6 damage)
             ... on level 1 of the Dungeon.
             The game lasted 00:03:13 (449 turns).

Esekla the Vexing (Draconian Enchanter)              Turns: 449, Time: 00:03:14

Health: -5/23      AC:  4    Str: 10    XL:     2   Next: 41%
Magic:  5/5        EV: 12    Int: 15    God:
Gold:   34         SH:  0    Dex: 11    Spells: 4/5 levels left

rFire    . . .     SeeInvis .   a - +1 dagger
rCold    . . .     Gourm    .   (no shield)
rNeg     . . .     Faith    .   (armour unavailable)
rPois    .         Spirit   .   (helmet restricted)
rElec    .         Reflect  .   (no cloak)
rCorr    .         Harm     .   (no gloves)
MR       .....                  (no boots)
Stlth    ++........             (no amulet)
HPRegen  0.07/turn              (no ring)
MPRegen  0.09/turn              (no ring)

@: no status effects
A: unfitting armour, cold-blooded, AC +4
a: no special abilities


You were on level 1 of the Dungeon.
You were not hungry.

You visited 1 branch of the dungeon, and saw 2 of its levels.

You collected 34 gold pieces.

Inventory:

Hand Weapons
 a - a +1 dagger (weapon)
 g - a +0 dagger of protection
Missiles
 i - 19 poisoned darts (quivered)
Scrolls
 b - 2 scrolls of remove curse {unknown}
 f - 3 scrolls of fear {unknown}
 h - a scroll of amnesia {unknown}
Potions
 d - a potion of lignification {unknown}
 e - a potion of heal wounds {unknown}
Comestibles
 c - a ration


   Skills:
 * Level 1.2 Fighting
 + Level 1.1 Short Blades
 + Level 2.1 Dodging
 - Level 2.6 Stealth
 + Level 2.2 Spellcasting
 - Level 2.6 Hexes


You had 4 spell levels left.
You knew the following spells:

 Your Spells              Type           Power        Failure   Level  Hunger
a - Corona                Hex            #......      7%          1    #......

Your spell library contained the following spells:

 Spells                   Type           Power        Failure   Level  Hunger
 Ensorcelled Hibernation  Hex/Ice        #.....       19%         2    ###....
 Confuse                  Hex            #.......     22%         3    ###....
 Tukima's Dance           Hex            #.......     22%         3    ###....
 Dazzling Spray           Conj/Hex       #.....       36%         3    ###....


Dungeon Overview and Level Annotations

Branches:
Dungeon (2/15)

Altars:

Annotations:
D:2 Terence


Innate Abilities, Weirdness & Mutations

Your plain brown scales are hard. (AC +4)
You cannot fit into any form of body armour.
You are cold-blooded and may be slowed by cold attacks.


Message History

* * * LOW HITPOINT WARNING * * *
You closely miss the bat.
Your tail-slap misses the bat.
The bat is severely wounded.
The bat hits you.
* * * LOW HITPOINT WARNING * * *
The bat closely misses you. The bat hits you but does no damage.
The bat barely misses you.
You hit the bat.
You kill the bat!
The rat twitches its whiskers.
A rat comes into view.
A goblin comes into view.
A hobgoblin comes into view. It is wielding a +0 club.
The goblin shouts!
Found 27 sling bullets.
The goblin hits you.
* * * LOW HITPOINT WARNING * * *
The rat twitches its whiskers.
The hobgoblin hits you with a +0 club.
You die...

##..##
###..K..K.
#.K## ########
####..# #.
#...r## #g
......##.####
#r ..... #r#..
#r
r.##..##g#.#
##. .
###....#.##
#.K
(..r...g@..#
#..
.####..g.....#
#.. #..##.#..#
#.. #.. .. .#
#.. #... #.#
.. #.. #..#.
.. .. ..?.
#.##. ##. .
#.... #. .#
##... .###


You could see a gnoll, a hobgoblin, a goblin and 3 rats.

Vanquished Creatures
  An ooze (D:1)
  A leopard gecko (D:2)
  2 goblins
  3 hobgoblins
  2 bats (D:1)
  A kobold (D:2)
  A rat (D:1)
11 creatures vanquished.

Notes
Turn   | Place    | Note
-------+----------+-------------------------------------------
     0 | D:1      | Esekla the Draconian Enchanter began the quest for the Orb.
     0 | D:1      | Reached XP level 1. HP: 14/14 MP: 3/3
   312 | D:1      | Reached skill level 1 in Fighting
   312 | D:1      | Reached XP level 2. HP: 23/23 MP: 5/5
   388 | D:2      | Noticed Terence
   448 | D:1      | HP: 1/23 [goblin (3)]
   449 | D:1      | Slain by a hobgoblin

Levels and vault maps discovered:
D:1:      wheals_arrival_linesprint, layout_rooms, st_stairs_1,
          minmay_pentomino_u4
D:2:      layout_rooms, grunt_dithmenos_smoke_and_mirrors, marbit_many_paths,
          first_ration, hangedman_decor_growths, uniq_terence

Skill      XL: |  1 |
---------------+----+-----
Dodging        | 2 |  2.1
Fighting       | 1 |  1.2
Short Blades   | |  1.1
Stealth        | |  2.6
Spellcasting   | |  2.2
Hexes          | |  2.6

Action                   || total
-------------------------++-------
Melee: Dagger            ||    48
       Tailslap          ||     3
 Cast: Corona            ||     2
 Stab: Sleeping          ||     2
Armor: Skin              ||    25
Dodge: Dodged            ||    59
